Map: 2000 Atmospheres LE

Players

KriXuS

  • Race: Terran Terran
  • League: Master
  • Spawn Location: 7:00

Sojourn - Winner!

  • Race: Zerg Zerg
  • League: Master
  • Spawn Location: 3:00

VOD

Have the link to the VOD?

Description

Time

  • Played on: March 19, 2022, 2:31 p.m.
  • Length: 18:01
Show
View Real Time Build Order
Export as new Build Order

KriXuS Terran 

Build Orders: Reaper Expand 

Get SALT Encoding   

  12  0:00  SCV  
  13  0:12  SCV  
  14  0:17  Supply Depot  
  14  0:24  SCV  
  15  0:38  SCV  
  15  0:40  Barracks  
  16  0:44  Refinery  
  16  0:50  SCV  
  17  1:02  SCV  
  18  1:14  SCV  
  19  1:27  Reaper  
  19  1:28  Orbital Command  
  20  1:42  Command Center  
  20  1:53  Supply Depot  
  20  1:54  SCV  
  21  1:59  Marine  
  22  2:06  SCV  
  23  2:12  Factory  
  23  2:18  SCV  
  23  2:21  Barracks Reactor  
  24  2:30  SCV  
  25  2:41  Refinery  
  25  2:42  SCV  
  26  3:00  SCV  
  26  3:02  Starport  
  26  3:04  Orbital Command  
  27  3:10  Hellion, Barracks Tech Lab  
  27  3:11  Hellion  
  31  3:16  SCV  
  32  3:22  Supply Depot  
  32  3:29  SCV  
  32  3:30  SCV  
  32  3:33  Hellion x2  
  38  3:41  SCV  
  39  3:42  SCV  
  39  3:46  Viking  
  39  3:48  Marine  
  42  3:53  SCV  
  43  3:56  Command Center  
  43  3:58  SCV  
  44  4:05  SCV  
  45  4:10  Supply Depot, SCV  
  45  4:13  Supply Depot  
  45  4:15  Marine  
  47  4:17  SCV, Stimpack  
  47  4:22  SCV  
  49  4:29  SCV  
  50  4:32  Starport Reactor  
  50  4:34  SCV  
  50  4:36  Marine  
  52  4:41  SCV  
  52  4:43  Barracks  
  53  4:46  SCV  
  53  4:47  Barracks  
  53  4:48  Factory Tech Lab  
  54  4:53  SCV  
  54  4:54  Refinery, Engineering Bay  
  54  4:57  Engineering Bay  
  54  4:58  SCV  
  56  5:02  Marine  
  56  5:05  SCV  
  58  5:10  SCV  
  59  5:15  Siege Tank  
  59  5:17  SCV, Orbital Command  
  59  5:21  Terran Infantry Weapons Level 1  
  63  5:22  SCV  
  63  5:23  Terran Infantry Armor Level 1  
  63  5:26  Starport Reactor, Marine  
  65  5:34  Barracks  
  65  5:36  Marine x2  
  65  5:37  Marine x2  
  65  5:38  Barracks  
  65  5:39  SCV  
  70  5:44  SCV, Marine, Refinery  
  70  5:47  Siege Tank  
  75  5:51  SCV  
  75  5:52  Orbital Command  
  75  5:53  Marine  
  75  5:57  Combat Shield  
  77  6:03  SCV, Supply Depot  
  78  6:04  Supply Depot  
  78  6:05  Marine x2  
  78  6:06  Marine x2  
  82  6:11  Marine  
  82  6:12  Medivac  
  85  6:18  Supply Depot, SCV  
  85  6:19  Supply Depot, Medivac  
  85  6:20  SCV  
  85  6:23  Marine x3  
  85  6:24  Marine  
  78  6:29  Marine  
  78  6:31  SCV  
  76  6:41  Marine x3  
  76  6:42  Marine  
  74  6:47  Marine  
  74  6:48  SCV  
  74  6:50  SCV  
  64  6:59  Marine x3  
  64  7:00  SCV, Marine  
  65  7:02  SCV  
  65  7:05  Marine  
  67  7:12  SCV  
  68  7:17  Barracks Reactor, Marine x4  
  68  7:18  Barracks Reactor  
  68  7:19  SCV  
  68  7:21  Armory  
  73  7:22  Supply Depot, Marine  
  73  7:24  SCV  
  78  7:30  Widow Mine, Factory, Medivac x2  
  78  7:31  SCV  
  78  7:32  Supply Depot  
  78  7:34  Marine  
  78  7:36  SCV  
  84  7:43  Marine x2  
  84  7:44  SCV, Marine x2  
  88  7:47  Bunker  
  88  7:50  Bunker  
  89  7:52  Marine  
  89  7:53  Marine  
  91  8:00  SCV  
  91  8:01  Marine x4  
  91  8:02  Marine x3  
  99  8:07  Supply Depot  
  87  8:27  Marine x2  
  87  8:28  Marine  
  87  8:29  Marine  
  87  8:32  Marine x2  
  87  8:33  Marine x2  
  87  8:34  Marine  
  91  8:36  SCV  
  91  8:38  Widow Mine  
  91  8:39  SCV, Factory Reactor  
  95  8:45  Marine x2  
  95  8:46  Marine x2  
  99  8:57  Marine x2  
  99  8:58  Marine x2  
  99  9:00  SCV x2, Orbital Command, Widow Mine  
  108  9:03  Marine x2  
  108  9:04  Supply Depot, Marine x2  
  112  9:13  Terran Infantry Armor Level 2  
  112  9:15  Terran Infantry Weapons Level 2  
  111  9:17  Marine  
  111  9:20  Marine x3  
  111  9:21  Widow Mine  
  111  9:22  Marine x2  
  119  9:36  Marine  
  120  9:42  Widow Mine  
  120  9:43  Marine  
  120  9:44  Marine x5  
  120  9:45  Widow Mine x2  
  132  9:46  SCV  
  132  9:48  SCV  
  132  9:49  Marine  
  132  9:51  SCV  
  134  10:02  Marine  
  134  10:04  Widow Mine  
  134  10:06  Widow Mine x2  
  137  10:09  Marine x6  
  137  10:13  Supply Depot  
  141  10:21  Marine  
  141  10:22  Marine  
  141  10:25  Marine  
  141  10:27  Marine x2  
  141  10:28  Marine x3  
  141  10:29  Marine  
  141  10:34  Medivac x2, Widow Mine  
  146  10:39  Marine  
  146  10:40  Marine  
  146  10:42  Marine  
  133  10:45  Marine x2  
  133  10:46  Marine  
  133  10:49  Marine x3  
  130  10:50  SCV  
  130  10:51  SCV  
  132  10:57  Marine  
  132  10:58  Supply Depot, Marine  
  132  11:00  Marine  
  132  11:03  Marine x2  
  137  11:04  Medivac x2  
  141  11:19  Marine x7  
  141  11:20  SCV  
  141  11:24  Marine  
  141  11:25  Marine  
  149  11:32  SCV  
  146  11:34  Medivac  
  146  11:37  Marine  
  149  11:43  Command Center  
  149  11:46  Terran Infantry Weapons Level 3, Terran Infantry Armor Level 3  
  149  11:47  Supply Depot  
  149  11:52  Marine x2  
  149  11:53  Supply Depot, Marine x2, Medivac  
  145  12:03  Marine x2  
  145  12:04  Medivac  
  145  12:06  Marine  
  145  12:07  Marine  
  123  12:16  Marine  
  119  12:23  Marine, Medivac  
  119  12:24  Marine x6  
  119  12:25  Marine  
  127  12:32  SCV  
  127  12:33  SCV  
  127  12:34  Marine, Widow Mine x2  
  127  12:35  SCV, Widow Mine  
  137  12:41  Terran Vehicle And Ship Armor Level 1, Marine x6  
  137  12:42  Marine  
  137  12:43  Marine  
  145  12:46  Medivac  
  147  12:52  Marine  
  147  12:56  Widow Mine  
  148  12:59  Marine x5  
  148  13:00  Marine x2  
  148  13:04  Widow Mine x2  
  159  13:06  Marine  
  159  13:10  SCV, Marine  
  159  13:12  Supply Depot  
  162  13:13  Supply Depot  
  162  13:17  Marine x2, Widow Mine  
  150  13:25  Marine  
  150  13:26  Marine x5  
  150  13:27  Marine, Liberator x2  
  149  13:34  Marine  
  149  13:35  Marine  
  142  13:43  Marine x2  
  142  13:44  Marine x3  
  142  13:46  Marine x2  
  142  13:52  Marine  
  142  13:53  Marine  
  143  13:59  Widow Mine x2  
  143  14:01  Marine x4  
  151  14:06  Marine x2  
  151  14:07  Marine  
  151  14:09  Liberator x2  
  154  14:10  Marine  
  154  14:13  Marine  
  160  14:19  Marine x2  
  154  14:24  Marine x2  
  112  14:46  Marine x4  
  112  14:47  Marine  
  112  14:48  Marine  
  112  14:49  Marine  
  112  14:50  Marine x2  
  95  15:03  Marine  
  95  15:04  Marine x2  
  95  15:05  Marine  
  85  15:09  Marine  
  77  15:16  Marine  
Show
View Real Time Build Order
Export as new Build Order

Sojourn Zerg - Winner!

Build Orders: Hatch First, Lurkers 

Get SALT Encoding   

  12  0:00  Drone  
  13  0:12  Overlord  
  13  0:16  Drone  
  14  0:30  Drone x2  
  14  0:34  Drone  
  17  0:51  Hatchery  
  17  0:54  Drone  
  18  0:57  Drone  
  18  1:08  Extractor  
  17  1:11  Spawning Pool  
  17  1:14  Drone  
  17  1:18  Drone  
  18  1:28  Drone  
  19  1:43  Overlord  
  19  1:58  Queen  
  19  2:00  Zergling x2  
  22  2:01  Zergling x2  
  22  2:03  Queen  
  22  2:04  Drone  
  26  2:10  Metabolic Boost  
  26  2:11  Drone  
  26  2:15  Drone  
  28  2:26  Spore Crawler  
  27  2:32  Drone x2  
  27  2:33  Overlord  
  30  2:38  Queen  
  30  2:39  Drone  
  33  2:48  Drone x2  
  34  2:53  Overlord  
  34  2:59  Drone  
  35  3:06  Drone  
  36  3:14  Hatchery  
  36  3:15  Queen  
  36  3:16  Drone x2  
  39  3:22  Drone x2  
  39  3:26  Overlord  
  41  3:27  Drone  
  43  3:34  Drone  
  43  3:37  Drone  
  44  3:50  Zergling x10  
  44  3:51  Drone  
  44  3:52  Drone  
  44  3:54  Queen  
  44  3:55  Queen  
  55  3:58  Overlord  
  54  4:14  Overlord  
  54  4:15  Overlord  
  54  4:17  Spore Crawler  
  54  4:18  Spore Crawler  
  54  4:20  Drone x3, Zergling x2  
  54  4:21  Drone x3  
  59  4:28  Drone x3  
  61  4:38  Drone x2  
  61  4:39  Drone  
  61  4:44  Overlord x2  
  64  4:49  Drone x4  
  68  4:53  Zergling x2  
  68  4:58  Zergling x4  
  71  5:01  Overlord x2  
  71  5:02  Zergling x2  
  71  5:05  Lair  
  71  5:06  Extractor  
  71  5:07  Extractor  
  71  5:08  Drone x2  
  71  5:09  Evolution Chamber  
  71  5:10  Evolution Chamber  
  69  5:19  Zergling x10  
  74  5:21  Extractor  
  74  5:23  Drone x3  
  74  5:28  Drone  
  77  5:31  Drone  
  77  5:32  Drone x3  
  81  5:40  Zergling x2  
  82  5:45  Hatchery  
  82  5:49  Zergling x6  
  84  5:55  Zerg Melee Weapons Level 1, Zerg Ground Armor Level 1  
  84  5:56  Drone x4, Baneling Nest  
  87  6:01  Drone x2  
  89  6:06  Zergling x4  
  89  6:07  Zergling x8  
  92  6:19  Zergling x4  
  92  6:20  Zergling x2  
  92  6:25  Zergling x8  
  94  6:28  Zergling x4  
  94  6:29  Zergling x2  
  97  6:32  Burrow  
  97  6:35  Zergling x4  
  97  6:36  Drone  
  97  6:37  Hydralisk Den  
  98  6:41  Zergling x4  
  98  6:46  Hatchery  
  94  6:49  Zergling x2  
  89  6:58  Zergling x8  
  89  6:59  Zergling x6  
  95  7:05  Zergling x4  
  95  7:08  Zergling x2  
  93  7:14  Muscular Augments  
  91  7:15  Drone  
  91  7:16  Lurker Den, Drone x2  
  91  7:17  Centrifugal Hooks  
  91  7:18  Infestation Pit  
  91  7:19  Zergling x6  
  91  7:20  Zergling x8  
  91  7:21  Zergling x2  
  100  7:23  Queen x3  
  100  7:25  Drone  
  100  7:27  Drone  
  100  7:28  Drone  
  100  7:29  Drone x2  
  111  7:30  Baneling  
  111  7:31  Baneling x7  
  111  7:32  Baneling  
  111  7:34  Drone x2  
  113  7:42  Zergling x8  
  118  7:49  Zerg Ground Armor Level 2, Extractor  
  117  7:57  Zerg Melee Weapons Level 2  
  117  8:03  Drone x2, Overlord x2  
  117  8:04  Overlord x2  
  117  8:05  Drone x3  
  108  8:28  Hatchery  
  88  8:35  Zergling x6  
  88  8:36  Zergling x24  
  88  8:40  Grooved Spines  
  88  8:41  Hive  
  103  8:45  Drone x2, Zergling x2  
  103  8:46  Zergling x10  
  111  8:50  Zergling x2  
  111  8:51  Zergling x6  
  111  8:53  Zergling x4  
  111  8:55  Zergling x6  
  120  8:57  Zergling x2  
  120  9:00  Zergling x2  
  120  9:02  Zergling x2  
  123  9:08  Spore Crawler  
  123  9:09  Drone  
  123  9:10  Drone x7  
  123  9:13  Zergling x2  
  131  9:17  Baneling x17  
  131  9:18  Baneling x2, Zergling x6  
  131  9:19  Zergling x4  
  131  9:22  Zergling x10  
  141  9:27  Zergling x10  
  141  9:28  Overseer x2  
  141  9:30  Pneumatized Carapace  
  135  9:43  Drone  
  135  9:44  Drone x12  
  148  9:53  Drone x4, Hydralisk x4, Seismic Spines  
  148  9:54  Drone  
  149  10:16  Adrenal Glands  
  149  10:17  Zerg Ground Armor Level 3  
  149  10:21  Overlord x3  
  142  10:30  Extractor  
  142  10:35  Extractor  
  117  10:48  Zergling x24  
  117  10:49  Zergling x20  
  133  10:53  Zerg Melee Weapons Level 3  
  133  10:54  Zergling x2  
  133  10:55  Zergling x4  
  136  10:58  Drone  
  136  11:03  Spore Crawler, Spine Crawler  
  137  11:04  Spine Crawler  
  137  11:05  Spine Crawler  
  137  11:10  Zergling x2  
  137  11:11  Zergling x10  
  137  11:12  Baneling x21  
  137  11:15  Extractor  
  134  11:21  Zergling x10  
  134  11:22  Zergling x4  
  134  11:25  Zergling x6  
  142  11:26  Zergling x4  
  142  11:27  Hydralisk x3  
  148  11:33  Drone  
  148  11:35  Hatchery, Overlord x4  
  148  11:36  Overlord x2  
  148  11:37  Overseer x3  
  148  11:40  Adaptive Talons  
  148  11:46  Zergling x2  
  149  11:54  Queen x2  
  149  11:55  Queen x3  
  140  12:01  Zergling x2  
  140  12:02  Zergling x30  
  140  12:06  Zergling x2  
  140  12:07  Zergling x4  
  149  12:09  Zergling x4  
  137  12:17  Zergling x8  
  137  12:18  Zergling x4  
  137  12:19  Zergling x2  
  137  12:20  Zergling x2  
  137  12:22  Zergling x4  
  145  12:27  Drone x3  
  145  12:28  Drone x2  
  146  12:34  Hydralisk x2, Lurker x5  
  146  12:35  Hydralisk x2  
  159  12:39  Drone  
  159  12:40  Drone x2  
  162  12:45  Baneling x14, Hydralisk x2  
  162  12:49  Hydralisk x2  
  162  13:02  Zerg Missile Weapons Level 1  
  162  13:04  Hydralisk x6  
  174  13:09  Hydralisk x3  
  175  13:23  Hydralisk x3  
  175  13:24  Zergling x2  
  175  13:25  Zergling x18  
  180  13:35  Hydralisk  
  180  13:36  Hydralisk  
  180  13:37  Zergling x2  
  183  13:47  Zergling x16  
  189  13:56  Hydralisk x5  
  189  14:01  Spire  
  198  14:03  Spire  
  198  14:04  Pathogen Glands  
  198  14:09  Extractor  
  196  14:10  Baneling  
  196  14:11  Baneling x19  
  196  14:12  Extractor  
  171  14:44  Zergling x12  
  171  14:45  Zergling x36  
  158  14:53  Zergling x2  
  158  14:54  Zergling x32  
  170  15:00  Hydralisk  
  170  15:01  Hydralisk  
  170  15:02  Zergling x2  
  166  15:11  Zergling x12  
  166  15:12  Baneling x2  
  166  15:13  Baneling x8  
  170  15:20  Zergling x4  
  170  15:21  Zergling x4  
  172  15:25  Queen  
  173  15:49  Lurker  
  173  15:50  Lurker x5  
  173  15:52  Overlord x4  
  173  16:25  Drone x11  
  173  16:26  Drone x11  
  173  16:27  Drone  
  173  16:29  Drone  
  173  16:30  Drone  
  173  17:30  Overseer x3  
  173  17:31  Overseer  
Tags
 
Add a new tag
Caveats
  • Supply blocks, unpowered buildings, or Contaminate may cause inaccurate times.
  • Supply counts are checked every 10 seconds.